 Dungeon Crawl Stone Soup version 0.32-a0-815-g315f82d515 (webtiles) character file.

Game seed: 18290428725741416592

61 Kenran the Ruffian (level 3, -2/30 HPs)
             Began as a Minotaur Ice Elementalist on Mar 23, 2024.
             Slain by a gnoll
             ... wielding a +0 flail
              (11 damage)
             ... on level 1 of the Dungeon.
             The game lasted 00:01:57 (1201 turns).

Kenran the Ruffian (Minotaur Ice Elementalist)      Turns: 1201, Time: 00:01:57

Health: -2/30      AC:  4    Str: 14    XL:     3   Next: 83%
Magic:  4/4        EV: 10    Int: 12    God:
Gold:   46         SH:  0    Dex: 10    Spells: 3/4 levels left

rFire   . .          .
                       - Unarmed
rCold   . . .        (no shield)
rNeg    . . .        c - +1 leather armour
rPois   .            (helmet restricted)
rElec   .            (no cloak)
rCorr   .            (no gloves)
SInv    .            (no boots)
Will    .....        (no amulet)
Stlth   +            (no ring)
HPRegen 0.25/turn    (no ring)
MPRegen 0.09/turn

%: no passive effects
@: no status effects
A: horns 2, retaliatory headbutt
a: no special abilities


You were on level 1 of the Dungeon.
You visited 1 branch of the dungeon, and saw 2 of its levels.

You collected 46 gold pieces.

Inventory:

Armour
 c - a +1 leather armour (worn)
Scrolls
 a - a scroll of noise {unknown}
 e - a scroll of identify {unknown}
 f - a scroll of enchant armour
 g - a scroll of teleportation {unknown}
 h - a scroll of blinking {unknown}
 i - a scroll of amnesia {unknown}
Potions
 b - a potion of magic
 d - a potion of enlightenment {unknown}


   Skills:
 - Level 2.4 Fighting
 - Level 2.1 Dodging
 - Level 1.5 Stealth
 + Level 3.0 Unarmed Combat
 - Level 1.3 Spellcasting
 - Level 2.9 Ice Magic


You had 3 spell levels left.
You knew the following spells:

 Your Spells              Type           Power      Damage    Failure   Level
a - Freeze                Ice            28%        1d5       11%         1

Your spell library contained the following spells:

 Spells                   Type           Power      Damage    Failure   Level
 Frozen Ramparts          Ice            14%        1d3       32%         3
 Ozocubu's Armour         Ice            7%         N/A       32%         3
 Summon Ice Beast         Ice/Summ       4%         N/A       52%         3


Dungeon Overview and Level Annotations

Branches:
Dungeon (2/15)

Altars:


Innate Abilities, Weirdness & Mutations

You have a pair of horns on your head.
You reflexively headbutt those who attack you in melee.


Message History

There is a stone staircase leading down here.
You climb downwards.
There is a stone staircase leading up here.
A gnoll comes into view. It is wielding a +0 flail.
The gnoll shouts! x2
The gnoll hits you with a +0 spear.
There is a stone staircase leading up here.
The gnoll barely misses you.
You climb upwards.
There is a stone staircase leading down here.
You hit the gnoll. You headbutt the gnoll.
You kill the gnoll!
Things that are here:
a +0 spear; a gnoll corpse
There is a stone staircase leading down here.
You start resting.
HP restored.
You climb downwards.
There is a stone staircase leading up here.
The gnoll hits you with a +0 halberd! The gnoll hits you with a +0 flail.
You climb upwards.
There is a stone staircase leading down here.
You hit the gnoll.
The gnoll is moderately wounded.
The gnoll hits you with a +0 flail.
* * * LOW HITPOINT WARNING * * *
The gnoll closely misses you. You furiously retaliate!
You headbutt the gnoll. You hit the gnoll. You punch the gnoll.
The gnoll is almost dead.
The gnoll closely misses you. You furiously retaliate!
You headbutt the gnoll. The gnoll closely misses you. You furiously retaliate!
You headbutt the gnoll.
You kill the gnoll!
Your Unarmed Combat skill increases to level 3!
You hit the gnoll but do no damage.
The gnoll is moderately wounded.
The gnoll barely misses you.
You barely miss the gnoll.
The gnoll is moderately wounded.
The gnoll hits you with a +0 flail!
You die...

...##.........#+#'#'##
...####....#.........#
........##.#.........###
.......###.+...........##########
.......'...#.....................
.......###+#.........#.########.#
.#................#....# #.#
###.............###############.#
................@)........#.....#
......÷..####..g)########.#.#####
........÷####....#......#.#.#
........>.........##....#.#.#
..................'..##.#.#.#
.##...............#.......#.#
.##...............#.###.###.#
.##...........##.##.#.....#.#
..#######.....##....#.#.#.#.#


You could see a gnoll.

Vanquished Creatures
  3 gnolls (D:1)
  A dart slug (D:1)
  4 bats
  An endoplasm (D:1)
  3 giant cockroaches
  A goblin (D:1)
  2 hobgoblins (D:1)
  4 kobolds (D:1)
  6 quokkas
  A ball python (D:2)
  2 frilled lizards (D:1)
  3 rats
31 creatures vanquished.

Notes
Turn   | Place    | Note
-------+----------+-------------------------------------------
     0 | D:1      | Kenran the Minotaur Ice Elementalist began the quest for
                  | the Orb.
     0 | D:1      | Reached XP level 1. HP: 14/14 MP: 1/1
    25 | D:1      | Reached skill level 1 in Fighting
   109 | D:1      | Reached XP level 2. HP: 21/24 MP: 3/3
   220 | D:1      | Found a faded altar of an unknown god.
   266 | D:1      | Reached skill level 1 in Unarmed Combat
   275 | D:1      | You fall into a shaft and drop 1 floor!
   946 | D:2      | Reached XP level 3. HP: 30/30 MP: 4/4
  1139 | D:1      | Reached skill level 2 in Unarmed Combat
  1200 | D:1      | Reached skill level 3 in Unarmed Combat
  1201 | D:1      | Slain by a gnoll

Illustrated notes

Levels and vault maps discovered:
D:1:      spicycebolla_green_bress_n_ham, layout_basic,
          ebering_ecumenical_altar_petrified
D:2:      minmay_alternating_diamond, layout_basic

Skill      XL: |  1  2  3 |
---------------+----------+-----
Fighting       | 2 |  2.4
Unarmed Combat | 1 3 |  3.0
Dodging        | |  2.1
Stealth        | |  1.5
Spellcasting   | |  1.3
Ice Magic      | |  2.9

Action                     || total
---------------------------++-------
  Melee: Unarmed           ||    83
         Headbutt          ||    15
         Punch             ||     1
   Cast: Freeze            ||     1
    Use: Scroll            ||     1
   Stab: Sleeping          ||     2
 Armour: Leather armour    ||    51
         Robe              ||     2
  Dodge: Dodged            ||    61

Table legend: (Time is in decaauts)
 A = Elapsed time spent in this place.
 B = Non-inter-level travel time spent in this place.
 C = Inter-level travel time spent in this place.
 D = Time resting spent in this place.
 E = Time spent auto-exploring this place.
 F = Levels seen in this place.
 G = Mean time per level.
                   A        B        C        D        E       F      G
               +--------+--------+--------+--------+--------+-----+--------+
         Total |   1201 |   1173 |     28 |    106 |    758 |   2 |  600.5 |
       Dungeon |   1201 |   1173 |     28 |    106 |    758 |   2 |  600.5 |
               +--------+--------+--------+--------+--------+-----+--------+

Top non-repeatable levels by time:
     D:1: 953 daAuts
     D:2: 248 daAuts
